 Dungeon Crawl Stone Soup version 0.23.2 (webtiles) character file.

Game seed: 10785193634025210034

65 Marnok the Bolt Thrower (level 4, -1/25 HPs)
             Began as a Kobold Arcane Marksman on Apr 11, 2019.
             Slain by Jessica
             ... wielding a +0 club
              (2 damage)
             ... on level 2 of the Dungeon.
             The game lasted 00:04:48 (1438 turns).

Marnok the Bolt Thrower (Kobold Arcane Marksman)    Turns: 1438, Time: 00:04:48

Health: -1/25      AC:  3    Str:  7    XL:     4   Next: 35%
Magic:  5/5        EV: 15    Int: 14    God:
Gold:   18         SH:  0    Dex: 16    Spells: 4/5 levels left

rFire    . . .     SeeInvis .   b - +0 club
rCold    . . .     Gourm    .   (shield restricted)
rNeg     . . .     Faith    .   e - +1 robe
rPois    .         Spirit   .   (no helmet)
rElec    .         Reflect  .   (no cloak)
rCorr    .         Harm     .   (no gloves)
MR       .....                  (no boots)
Stlth    ++........             (no amulet)
HPRegen  0.08/turn              (no ring)
MPRegen  0.09/turn              (no ring)

@: no status effects
A: small, carnivore
a: no special abilities


You were on level 2 of the Dungeon.
You were not hungry.

You visited 1 branch of the dungeon, and saw 2 of its levels.

You collected 18 gold pieces.

Inventory:

Hand Weapons
 a - a +1 hand crossbow
 b - a +0 club (weapon)
Armour
 e - a +1 robe (worn)
Scrolls
 c - a scroll of identify {unknown}
Comestibles
 d - 4 chunks of flesh


   Skills:
 + Level 1.3 Fighting
 + Level 3.9 Crossbows
 + Level 2.6 Dodging
 + Level 0.2 Stealth
 + Level 0.1 Unarmed Combat
 + Level 1.1 Spellcasting
 + Level 3.8 Hexes


You had 4 spell levels left.
You knew the following spells:

 Your Spells              Type           Power        Failure   Level  Hunger
a - Corona                Hex            ##.....      5%          1    ##.....

Your spell library contained the following spells:

 Spells                   Type           Power        Failure   Level  Hunger
 Slow                     Hex            ##......     9%          2    ###....
 Inner Flame              Hex/Fire       #.......     34%         3    ####...
 Portal Projectile        Hex/Tloc       #.....       34%         3    ####...
 Cause Fear               Hex            ##........   47%         4    #####..
 Leda's Liquefaction      Hex/Erth       #.........   75%         4    #####..


Dungeon Overview and Level Annotations

Branches:
Dungeon (2/15)

Altars:

Annotations:
D:2 Jessica, Robin


Innate Abilities, Weirdness & Mutations

You are small and have problems with some larger weapons.
You are carnivorous and can eat meat at any time.


Message History

You barely miss Jessica.
Jessica is heavily wounded.
Jessica barely misses you.
You hit Jessica.
Jessica is heavily wounded.
Jessica hits you with a +0 club.
* * * LOW HITPOINT WARNING * * *
A hobgoblin comes into view. It is wielding a +0 club.
You hit Jessica but do no damage.
Jessica is heavily wounded.
Jessica closely misses you.
You barely miss Jessica.
Jessica is heavily wounded.
Jessica barely misses you. Jessica closely misses you.
You barely miss Jessica.
Jessica is heavily wounded.
Robin roars a battlecry!
The hobgoblin goes into a battle-frenzy!
Jessica hits you with a +0 club.
You die...

.......(.###...........#
.....(.................#
...(..................#
.##...................#
#......g.(..<.......#
#..........)(.......#
....##.>...g####<#####
#..# ##......# #.#
#........##@.# #..
......#..##@....#.#
.........#.....#..
##.##.##.#.....##.# ...
.. .......# .. .. ...
#......# ##. ... ..#...#
#..#...#


You could see Robin, Jessica and a hobgoblin.

Vanquished Creatures
  3 adders (D:2)
  3 leopard geckos (D:1)
  2 bats (D:1)
  A giant cockroach (D:1)
  10 goblins
  4 hobgoblins
  3 kobolds
  A ball python (D:1)
  2 frilled lizards (D:2)
  4 rats (D:1)
33 creatures vanquished.

Notes
Turn   | Place    | Note
-------+----------+-------------------------------------------
     0 | D:1      | Marnok the Kobold Arcane Marksman began the quest for the
                  | Orb.
     0 | D:1      | Reached XP level 1. HP: 12/12 MP: 2/2
   204 | D:1      | Reached XP level 2. HP: 16/16 MP: 3/3
   672 | D:2      | Reached XP level 3. HP: 20/20 MP: 4/4
   722 | D:2      | Noticed Jessica
   735 | D:2      | Reached XP level 4. HP: 16/25 MP: 5/5
  1393 | D:2      | Noticed Robin
  1435 | D:2      | HP: 1/25 [Jessica/+0 club (2)]
  1438 | D:2      | Slain by Jessica

Skill      XL: |  1  2 |
---------------+-------+-----
Crossbows      | 3 |  3.9
Fighting       | |  1.3
Dodging        | |  2.6
Stealth        | |  0.2
Unarmed Combat | |  0.1
Spellcasting   | |  1.1
Hexes          | |  3.8

Action                   |  1- 3 |  4- 6 || total
-------------------------+-------+-------++-------
Melee: Club              |       |    40 ||    40
       Unarmed           |       |    19 ||    19
 Fire: Hand crossbow     |    58 |     3 ||    61
 Cast: Corona            |     6 |     1 ||     7
  Use: Scroll            |       |     5 ||     5
       Potion            |       |     1 ||     1
  Eat: Ration            |       |     1 ||     1
Armor: Robe              |     3 |    12 ||    15
Dodge: Dodged            |    27 |    66 ||    93
